 Dungeon Crawl Stone Soup version 0.21.1-1-g345015fe64 (webtiles) character file.

49 Kohma the Ducker (level 3, -3/16 HPs)
             Began as a Spriggan Venom Mage on June 26, 2018.
             Killed by nerve-wracking pain
             ... invoked by a shadow imp
              (9 damage)
             ... on level 2 of the Dungeon.
             The game lasted 00:05:07 (1896 turns).

Kohma the Ducker (Spriggan Venom Mage)              Turns: 1896, Time: 00:05:07

Health: -3/16      AC:  2    Str:  5    XL:     3   Next: 53%
Magic:  0/9        EV: 20    Int: 16    God:
Gold:   60         SH:  0    Dex: 16    Spells: 3/9 levels left

rFire    . . .     SeeInvis +   e - +0 dagger
rCold    . . .     Gourm    .   (shield restricted)
rNeg     . . .     Faith    .   a - +0 robe
rPois    .         Spirit   .   (helmet restricted)
rElec    .         Reflect  .   (no cloak)
rCorr    .         Harm     .   (gloves unavailable)
MR       .....                  (boots unavailable)
Stlth    ++........             (no amulet)
HPRegen  0.05/turn              (no ring)
MPRegen  0.11/turn              (no ring)

@: very quick
A: very small, unfitting armour, see invisible, herbivore, speed 3, slow
metabolism 2
a: no special abilities


You were on level 2 of the Dungeon.
You were not hungry.

You visited 1 branch of the dungeon, and saw 2 of its levels.

You collected 60 gold pieces.

Inventory:

Hand Weapons
 e - a +0 dagger (weapon)
Missiles
 f - 44 bolts
 k - 63 stones (quivered)
Armour
 a - a +0 robe (worn)
Scrolls
 g - 5 scrolls of identify {unknown}
 h - a scroll of remove curse {unknown}
 i - a scroll of magic mapping {unknown}
 j - a scroll of enchant weapon {unknown}
 n - 2 scrolls of fog {unknown}
 o - a scroll of amnesia {unknown}
Potions
 d - a potion of curing {unknown}
 l - a potion of experience {unknown}
 m - a potion of heal wounds {unknown}
Books
 b - a Young Poisoner's Handbook

   Spells                             Type                      Level
   a - Sting                          Conjuration/Poison           1
   b - Poisonous Vapours              Poison/Air                   2
   c - Mephitic Cloud                 Conjuration/Poison/Air       3
   d - Olgreb's Toxic Radiance        Poison                       4
   e - Venom Bolt                     Conjuration/Poison           5
Comestibles
 c - 2 rations


   Skills:
 * Level 4.4 Dodging
 - Level 3.0 Stealth
 * Level 3.8 Spellcasting
 - Level 0.6 Conjurations
 + Level 3.2 Poison Magic


You had 3 spell levels left.
You knew the following spells:

 Your Spells              Type           Power        Failure   Level  Hunger
a - Sting                 Conj/Pois      #...         8%          1    None
b - Poisonous Vapours     Pois/Air       #.....       13%         2    ##.....
c - Mephitic Cloud        Conj/Pois/Air  #.......     30%         3    ###....


Dungeon Overview and Level Annotations

Branches:
Dungeon (2/15)

Altars:


Innate Abilities, Weirdness & Mutations

You are very small and have problems with some larger weapons.
You are too small for most types of armour.
You have supernaturally acute eyesight. (SInv)
You are a herbivore.
You cover ground extremely quickly.
You need consume almost no food.


Message History

Casting: Sting
Confirm with . or Enter, or press ? or * to list all spells.
Aiming: Sting
Press: ? - help, Shift-Dir - straight line, f/p - shadow imp
Aim: a shadow imp (severely wounded)
The sting misses the shadow imp.
The shadow imp hits you but does no damage.
Your magical contamination has completely faded away.
Casting: Sting
Confirm with . or Enter, or press ? or * to list all spells.
Aiming: Sting
Press: ? - help, Shift-Dir - straight line, f/p - shadow imp
Aim: a shadow imp (severely wounded)
The sting hits the shadow imp.
The shadow imp appears unharmed.
The shadow imp is severely wounded.
The shadow imp closely misses you. The shadow imp gestures at you.
Pain shoots through your body!
Ouch! That really hurt!
You die...

....####.#.........#
###................#
.........##.....#
#........##.....#
#.....†..##....##
#........##.<######
#........#..#.....#
.........#.##.....#
....>.....##@....#
.................#
.........##.....#
......##..5.....#
...#.....#.....#
.......#.##.#.###
###.#[##.##.#.# ..
#. #..#.#.# # #
#......#


You could see a shadow imp.

Vanquished Creatures
  A gnoll (D:1)
  An adder (D:2)
  An ooze (D:1)
  2 leopard geckos
  A ball python (D:2)
  7 goblins (D:1)
  A jackal (D:1)
  A quokka (D:2)
  4 bats
  A frilled lizard (D:1)
  A kobold (D:1)
  2 rats (D:1)
23 creatures vanquished.

Notes
Turn   | Place    | Note
-------+----------+-------------------------------------------
     0 | D:1      | Kohma the Spriggan Venom Mage began the quest for the Orb.
     0 | D:1      | Reached XP level 1. HP: 9/9 MP: 5/5
   388 | D:1      | Reached XP level 2. HP: 13/13 MP: 1/7
   760 | D:1      | Reached skill level 4 in Dodging
   921 | D:1      | Learned a level 2 spell: Poisonous Vapours
   988 | D:1      | Reached XP level 3. HP: 16/16 MP: 6/9
  1612 | D:2      | Learned a level 3 spell: Mephitic Cloud
  1896 | D:2      | Killed from afar by a shadow imp

Skill      XL: |  1  2 |
---------------+-------+-----
Spellcasting   | 3 |  3.8
Dodging        | 4 |  4.4
Stealth        | |  3.0
Conjurations   | |  0.6
Poison Magic   | |  3.2

Action                   || total
-------------------------++-------
Melee: Dagger            ||    17
 Cast: Sting             ||    61
       Poisonous Vapours ||     7
Armor: Robe              ||     3
Dodge: Dodged            ||    31
